 Dungeon Crawl Stone Soup version 0.17.0-15-g6d90897 (webtiles) character file.

121 dorian the Distorting Demonspawn (level 4, 0/35 HPs)
             Began as a Demonspawn Abyssal Knight on Nov 10, 2015.
             Was a Believer of Lugonu.
             Slain by Natasha (5 damage)
             ... on level 3 of the Dungeon.
             The game lasted 00:05:54 (2636 turns).

dorian the Distorting Demonspawn (DsAK)             Turns: 2636, Time: 00:05:54

Health: 0/35       AC:  6    Str: 14    XL:     4   Next: 76%
Magic:  7/7        EV: 10    Int: 13    God:    Lugonu [**....]
Gold:   69         SH:  0    Dex: 16    Spells: 0 memorised, 3 levels left

rFire  . . .     SeeInvis .     a - +1 hand axe
rCold  . . .     Clarity  .     j - +0 ring mail
rNeg   . . .     SustAt   .     (no shield)
rPois  .         Gourm    .     (no helmet)
rElec  .         Spirit   .     e - +0 cloak
rCorr  .         Warding  .     (no gloves)
rMut   .         Stasis   .     (no boots)
MR     .....                    (no amulet)
Stlth  ++........               (no ring)
                                (no ring)

@: drained, not resistant to hostile enchantments, unstealthy
A: thin skeletal structure 2
a: Depart the Abyss, Bend Space, Renounce Religion


You were on level 3 of the Dungeon.
You worshipped Lugonu.
Lugonu was pleased with you.
You were not hungry.

You visited 1 branch of the dungeon, and saw 3 of its levels.
You visited the Abyss 1 time.

You collected 69 gold pieces.

Inventory:

Hand Weapons
 a - a +1 hand axe (weapon)
 p - a +0 mace
Missiles
 o - a tomahawk (quivered)
Armour
 b - a +0 leather armour
 d - a +0 cloak
 e - a +0 cloak (worn)
 j - a +0 ring mail (worn)
Scrolls
 i - a scroll of remove curse
 r - 3 scrolls of fog {unknown}
 s - a scroll of enchant weapon {unknown}
Potions
 f - a potion of ambrosia {unknown}
 h - a potion of invisibility {unknown}
 k - a potion of curing {unknown}
 l - a potion of heal wounds {unknown}
 n - a potion of brilliance {unknown}
 q - a potion of poison {unknown}
Comestibles
 c - a bread ration
 g - 4 fruits
 m - 2 meat rations


   Skills:
 - Level 3.0(2.8) Fighting
 + Level 2.8(2.6) Axes
 + Level 2.8(2.7) Armour
 - Level 0.8(0.7) Dodging
 + Level 4.6(4.5) Invocations


You had 3 spell levels left.
You didn't know any spells.

Dungeon Overview and Level Annotations

Branches:
Dungeon (3/15)

Altars:

Annotations:
D:3 Natasha


Innate Abilities, Weirdness & Mutations

You have a moderately thin skeletal structure (Dex +4, Stealth+).


Message History

You miss the crimson imp. You hit the white imp.
You kill the white imp!
Natasha barely misses you. The adder bites you but does no damage.
The shadow imp hits you but does no damage.
The crimson imp hits you.
* * * LOW HITPOINT WARNING * * *
The adder closely misses you. Natasha barely misses you.
Unknown command.
You hit Natasha.
Natasha is almost dead.
You barely miss the crimson imp. You hit the shadow imp.
The shadow imp is heavily wounded.
You closely miss the adder.
The adder is almost dead.
Natasha barely misses you. The adder bites you but does no damage.
The crimson imp hits you but does no damage.
The shadow imp hits you but does no damage.
Natasha mewls in sadness.
Natasha claws you.
You die...

##### ...# ####
########.########## #...
..................# #.##
......5..########.###.#.
.>....5@.# #.......#.
......Sh.# #.#.......
.".......# #.#.....##
.........# #.#.###.##
.........# #.#'###+##
....###### #........#
.... #......... ...
#.........
#######)..^.....


You could see Natasha, a crimson imp, an adder and a shadow imp.

Vanquished Creatures
  Crazy Yiuf (D:2)
  3 adders (D:2)
  An ooze (D:2)
  A worm (D:2)
  A giant gecko (D:1)
  3 orcs (D:3)
  5 bats
  3 giant cockroaches
  3 goblins
  7 hobgoblins
  4 jackals (D:2)
  2 quokkas
  2 giant newts
  4 kobolds
  11 rats
51 creatures vanquished.

Notes
Turn   | Place    | Note
--------------------------------------------------------------
     0 | Abyss:1  | dorian the Demonspawn Abyssal Knight began the quest for the Orb.
     0 | Abyss:1  | Reached XP level 1. HP: 18/18 MP: 2/2
    45 | D:1      | Escaped the Abyss
   217 | D:1      | Gained mutation: You have a somewhat thin skeletal structure (Dex +2, Stealth). [demonic ancestry]
   217 | D:1      | Reached XP level 2. HP: 24/24 MP: 4/4
   321 | D:1      | You fall through a shaft!
   321 | D:2      | Found a faded altar to an unknown god.
   440 | D:2      | Reached ** piety under Lugonu
   529 | D:2      | Gained mutation: You have a moderately thin skeletal structure (Dex +4, Stealth+). [demonic ancestry]
   529 | D:2      | Reached XP level 3. HP: 12/29 MP: 5/5
  1204 | D:2      | Reached skill level 4 in Invocations
  1779 | D:2      | Noticed Crazy Yiuf
  1792 | D:2      | Killed Crazy Yiuf
  1792 | D:2      | Reached XP level 4. HP: 15/35 MP: 7/7
  2626 | D:3      | Noticed Natasha
  2636 | D:3      | Slain by Natasha

Action                   |  1- 3 |  4- 6 || total
-------------------------+-------+-------++-------
Melee: Hand axe          |   109 |    69 ||   178
Throw: Tomahawk          |     4 |       ||     4
  Use: Scroll            |       |     2 ||     2
 Stab: Sleeping          |     3 |     4 ||     7
       Distracted        |     1 |       ||     1
  Eat: Chunk             |     3 |     3 ||     6
